Map: 16-Bit LE

Players

Galeforce

  • Race: Zerg Zerg
  • League: Diamond
  • Spawn Location: 7:00

ThePanMan - Winner!

  • Race: Protoss Protoss
  • League: Master
  • Spawn Location: 1:00

VOD

Have the link to the VOD?

Description

Time

  • Played on: July 20, 2018, 1:21 a.m.
  • Length: 12:48
Show
View Real Time Build Order
Export as new Build Order

Galeforce Zerg 

Build Orders: Hatch First 

Get SALT Encoding   

  12  0:01  Drone  
  13  0:12  Overlord  
  13  0:18  Drone  
  14  0:31  Drone x2  
  14  0:35  Drone  
  17  0:54  Hatchery  
  16  0:58  Drone  
  16  1:00  Drone  
  18  1:14  Spawning Pool  
  17  1:22  Drone  
  17  1:23  Drone  
  19  1:32  Extractor  
  18  1:38  Drone  
  19  1:46  Hatchery  
  18  1:52  Drone x2  
  20  2:04  Queen  
  22  2:11  Queen  
  24  2:17  Zergling x2  
  24  2:19  Zergling x2  
  26  2:23  Drone  
  26  2:28  Overlord  
  27  2:31  Drone  
  28  2:43  Lair  
  28  2:49  Queen  
  30  2:56  Overlord  
  30  2:58  Drone  
  31  3:07  Queen  
  32  3:16  Spore Crawler  
  30  3:26  Queen  
  31  3:32  Zergling x2  
  31  3:33  Zergling x6  
  35  3:42  Queen  
  37  3:50  Nydus Network  
  36  4:00  Queen  
  38  4:12  Zergling x2  
  38  4:13  Zergling x6  
  42  4:32  Nydus Canal  
  42  4:36  Spore Crawler  
  42  4:37  Zergling x8  
  45  5:05  Zergling x6  
  45  5:06  Zergling x2  
  46  5:28  Zergling x8  
  42  5:53  Zergling x6  
  42  5:54  Zergling x12  
  41  6:46  Queen  
  41  7:00  Queen  
  42  7:07  Queen, Roach Warren  
  40  7:23  Zergling x2  
  40  7:24  Zergling x4  
  37  8:19  Zergling x16  
  42  8:20  Zergling x2  
  32  8:43  Drone  
  32  8:44  Drone x5, Queen  
  32  8:47  Queen  
  38  8:48  Hydralisk Den  
  38  8:49  Queen  
  39  8:59  Spire  
  39  9:01  Extractor x2  
  37  9:03  Extractor  
  37  9:08  Drone x6  
  42  9:16  Overlord x3  
  42  9:35  Drone x6  
  42  9:37  Metabolic Boost  
  48  9:44  Extractor  
  47  9:52  Drone  
  48  10:10  Mutalisk x4  
  48  10:11  Mutalisk  
  58  10:17  Mutalisk  
  60  10:30  Mutalisk  
  60  10:31  Mutalisk  
  60  10:33  Mutalisk  
  66  10:49  Overlord x2  
  66  11:14  Mutalisk x5  
  75  11:32  Mutalisk x2  
  67  11:35  Zergling x6  
  64  11:50  Mutalisk  
  64  11:51  Mutalisk  
  61  11:54  Zergling x2  
  61  11:55  Zergling x4  
Show
View Real Time Build Order
Export as new Build Order

ThePanMan Protoss - Winner!

Build Orders: 1 Gate Expand, Oracle Opening 

Get SALT Encoding   

  12  0:01  Probe  
  13  0:13  Probe  
  14  0:18  Pylon  
  14  0:24  Probe  
  15  0:32  Probe  
  15  0:40  Gateway, Probe  
  16  0:48  Assimilator  
  17  0:50  Probe  
  18  0:59  Probe  
  19  1:07  Probe  
  20  1:28  Nexus  
  20  1:38  Cybernetics Core  
  20  1:40  Probe  
  21  1:52  Probe, Assimilator  
  22  1:58  Pylon  
  22  2:04  Probe  
  22  2:07  Adept  
  23  2:18  Probe  
  26  2:24  Stargate  
  26  2:30  Probe  
  26  2:33  Adept  
  26  2:36  Probe  
  26  2:37  Warp Gate  
  29  2:42  Probe  
  31  2:44  Probe  
  32  2:54  Probe x2  
  34  3:06  Probe x2  
  36  3:17  Probe  
  36  3:18  Probe  
  38  3:23  Oracle  
  38  3:25  Probe  
  41  3:28  Pylon  
  41  3:29  Assimilator  
  41  3:30  Probe, Assimilator  
  41  3:33  Probe  
  43  3:39  Pylon  
  44  3:43  Probe  
  44  3:45  Robotics Facility  
  45  3:49  Twilight Council, Probe  
  45  3:55  Probe  
  47  4:00  Phoenix  
  47  4:01  Probe  
  50  4:05  Pylon  
  50  4:12  Gateway  
  50  4:15  Gateway  
  50  4:21  Probe  
  50  4:23  Gateway  
  51  4:29  Immortal  
  51  4:37  Probe  
  52  4:43  Shield Battery  
  52  4:45  Pylon  
  56  4:46  Pylon  
  56  4:52  Adept  
  58  4:55  Pylon  
  58  4:56  Probe x2  
  57  5:02  Pylon  
  57  5:11  Shield Battery  
  57  5:12  Pylon  
  56  5:14  Immortal  
  54  5:25  Zealot x2  
  60  5:33  Void Ray  
  53  5:43  Probe  
  53  5:47  Cybernetics Core  
  53  5:48  Zealot x2  
  47  6:03  Probe  
  47  6:04  Probe  
  42  6:13  Zealot x2  
  44  6:21  Pylon  
  44  6:30  Stalker  
  40  6:40  Shield Battery  
  40  6:43  Shield Battery  
  34  6:54  Sentry x2  
  34  6:58  Pylon  
  34  6:59  Shield Battery  
  38  7:04  Shield Battery  
  38  7:05  Shield Battery  
  38  7:08  Probe  
  35  7:25  Stalker x2  
  39  7:36  Pylon, Immortal  
  37  7:40  Pylon  
  37  7:48  Pylon  
  37  7:49  Sentry  
  37  8:08  Stalker  
  35  8:14  Stalker x2  
  29  8:22  Probe  
  29  8:26  Probe  
  31  8:30  Probe  
  31  8:32  Sentry  
  29  8:37  Probe  
  29  8:39  Sentry x2  
  29  8:40  Probe  
  35  8:43  Resonating Glaives  
  35  8:45  Probe  
  36  8:49  Probe  
  38  8:55  Probe  
  38  8:58  Probe  
  39  9:08  Sentry x3, Probe  
  46  9:14  Probe  
  46  9:16  Probe  
  48  9:19  Observer  
  48  9:23  Probe  
  50  9:25  Probe  
  50  9:31  Probe  
  52  9:33  Probe  
  52  9:36  Sentry  
  56  9:38  Immortal  
  56  9:42  Probe  
  57  9:50  Probe  
  62  9:54  Probe  
  63  10:03  Probe  
  63  10:06  Gateway  
  64  10:13  Gateway  
  64  10:14  Warp Prism  
  64  10:16  Sentry, Gateway  
  64  10:17  Sentry  
  70  10:29  Adept  
  70  10:31  Probe  
  73  10:36  Pylon  
  73  10:41  Pylon  
  73  10:44  Adept  
  73  10:47  Sentry  
  77  11:00  Gateway  
  77  11:04  Pylon  
  77  11:13  Shield Battery  
  77  11:20  Adept x3  
  77  11:21  Sentry, Adept  
  77  11:22  Adept  
  89  11:29  Warp Prism  
  87  11:54  Stalker x3  
  89  12:00  Probe  
  89  12:01  Probe  
  87  12:26  Stalker x3  
  87  12:27  Stalker x3  
Tags
 
Add a new tag
Caveats
  • Supply blocks, unpowered buildings, or Contaminate may cause inaccurate times.
  • Supply counts are checked every 10 seconds.